 Dungeon Crawl Stone Soup version 0.28.0-53-g5a82cb258f (webtiles) character file.

Game seed: 12861150727628369610

359152 jjjjhere the Hoplite (level 21, -13/164 HPs)
             Began as a Minotaur Brigand on Sept 24, 2022.
             Was the Champion of Hepliaklqana.
             Killed from afar by a titan (49 damage)
             ... with a bolt of lightning
             ... on level 3 of the Depths on Sept 29, 2022.
             The game lasted 01:53:20 (79791 turns).

jjjjhere the Hoplite (Minotaur Brigand)            Turns: 79791, Time: 01:53:21

Health: -13/164    AC: 27    Str: 26    XL:     21   Next: 45%
Magic:  26/26      EV: 11    Int:  8    God:    Hepliaklqana [******]
Gold:   2687       SH: 29    Dex: 14    Spells: 20/20 levels left

rFire   + . .      SeeInvis .   V - +9 demon trident (drain)
rCold   . . .      Faith    .   Z - +2 tower shield
rNeg    + . .      Spirit   .   J - +2 plate armour {rF+}
rPois   .          Reflect  +   (helmet restricted)
rElec   .          Harm     .   r - +1 cloak
rCorr   .          Rampage  .   x - +2 pair of gloves {Str+3}
Will    ++...                   (no boots)
Stlth   ..........              H - amulet of reflection
HPRegen 0.37/turn               d - ring of willpower
MPRegen 0.20/turn               z - ring of positive energy

@: flayed
A: reduced essence, horns 2, retaliatory headbutt, frail 1, weak 1, evolution 1
}: 2/15 runes: serpentine, barnacled
a: Renounce Religion, Recall Ancestor, Ancestor Identity, Transference, Idealise


You were on level 3 of the Depths.
You worshipped Hepliaklqana.
Hepliaklqana was exalted by your worship.
You visited 8 branches of the dungeon, and saw 39 of its levels.
You also visited: Volcano.

You collected 4322 gold pieces.
You spent 1635 gold pieces at shops.

Inventory:

Hand Weapons
 V - a +9 demon trident of draining (weapon)
Missiles
 a - 10 throwing nets
 e - 4 curare-tipped darts
 v - 20 javelins (quivered)
 B - 7 boomerangs
 P - 8 atropa-tipped darts
Armour
 r - a +1 cloak (worn)
 x - a +2 pair of gloves of strength (worn)
 J - a +2 plate armour of fire resistance (worn)
 Z - a +2 tower shield (worn)
Jewellery
 c - a ring of protection from cold
 d - a ring of willpower (left hand)
 n - a +4 ring of protection
 y - a ring of poison resistance
 z - a ring of positive energy (right hand)
 C - a +6 ring of strength
 H - an amulet of reflection (around neck)
Wands
 b - a wand of digging (4)
 p - a wand of iceblast (40)
 w - a wand of paralysis (3)
 A - a wand of acid (15)
 F - a wand of flame (35)
Scrolls
 h - 2 scrolls of enchant weapon
 k - 5 scrolls of immolation
 m - 7 scrolls of magic mapping
 q - 5 scrolls of teleportation
 t - 5 scrolls of fear
 u - 10 scrolls of enchant armour
 G - 6 scrolls of blinking
 I - a scroll of brand weapon
 N - 5 scrolls of fog
 S - 3 scrolls of holy word
 U - 8 scrolls of identify
 W - 7 scrolls of vulnerability
Potions
 f - 11 potions of curing
 g - 11 potions of lignification
 i - 2 potions of cancellation
 j - 6 potions of attraction
 l - 3 potions of mutation
 o - a potion of resistance
 E - a potion of magic
 K - a potion of brilliance
 L - a potion of berserk rage
 M - 2 potions of haste
 O - a potion of might
 Q - 4 potions of flight
 R - 2 potions of ambrosia
 X - 3 potions of invisibility
 Y - 2 potions of heal wounds
Miscellaneous
 s - a phial of floods
 D - a box of beasts
 T - a condenser vane (inert)


   Skills:
 + Level 21.6 Fighting
 - Level 2.1 Short Blades
 - Level 18.0(18.6) Axes
 - Level 2.0(11.9) Maces & Flails
 - Level 7.8(14.0) Polearms
 - Level 12.5 Throwing
 + Level 18.7 Armour
 + Level 10.1 Dodging
 - Level 3.2 Stealth
 + Level 21.7 Shields
 - Level 9.0 Invocations
 - Level 13.4 Evocations


You had 20 spell levels left.
You didn't know any spells.
Your spell library contained the following spells:

 Spells                   Type           Power      Damage    Failure   Level
 Animate Skeleton         Necr           0%         N/A       99%         1
 Apportation              Tloc           0%         N/A       99%         1
 Foxfire                  Conj/Fire      0%         2x1d4     99%         1
 Magic Dart               Conj           0%         1d3       99%         1
 Sandblast                Erth           0%         2d4       99%         1
 Slow                     Hex            0%         N/A       99%         1
 Sting                    Tmut/Pois      0%         1d3       99%         1
 Summon Small Mammal      Summ           0%         N/A       99%         1
 Blink                    Tloc           0%         N/A       99%         2
 Corpse Rot               Necr/Air       0%         N/A       99%         2
 Ensorcelled Hibernation  Hex/Ice        0%         N/A       99%         2
 Passwall                 Tmut/Erth      0%         N/A       99%         2
 Poisonous Vapours        Pois/Air       0%         N/A       99%         2
 Searing Ray              Conj           0%         2d4       99%         2
 Static Discharge         Conj/Air       0%         N/A       99%         2
 Sublimation of Blood     Necr           0%         N/A       99%         2
 Wereblood                Tmut           0%         N/A       99%         2
 Call Canine Familiar     Summ           0%         N/A       100%        3
 Confusing Touch          Hex            0%         N/A       100%        3
 Conjure Flame            Conj/Fire      0%         6-21      100%        3
 Dazzling Flash           Conj/Hex       0%         N/A       100%        3
 Ignite Poison            Fire/Tmut/Pois 0%         N/A       100%        3
 Inner Flame              Hex/Fire       0%         N/A       100%        3
 Lesser Beckoning         Tloc           0%         N/A       100%        3
 Stone Arrow              Conj/Erth      0%         3d7       100%        3
 Summon Guardian Golem    Hex/Summ       0%         N/A       100%        3
 Swiftness                Air            0%         N/A       100%        3
 Tukima's Dance           Hex            0%         N/A       100%        3
 Vampiric Draining        Necr           0%         2d6       100%        3
 Airstrike                Air            0%         N/A       100%        4
 Anguish                  Hex/Necr       0%         N/A       100%        4
 Animate Dead             Necr           0%         N/A       100%        4
 Cause Fear               Hex            0%         N/A       100%        4
 Dispel Undead            Necr           0%         3d6       100%        4
 Flame Wave               Conj/Fire      0%         2d4       100%        4
 Fulminant Prism          Conj/Hex       0%         3d6       100%        4
 Iskenderun's Mystic Bla  Conj/Tloc      0%         2d3       100%        4
 Leda's Liquefaction      Hex/Erth       0%         N/A       100%        4
 Olgreb's Toxic Radiance  Pois           0%         N/A       100%        4
 Sticky Flame             Conj/Fire      0%         2d3       100%        4
 Summon Lightning Spire   Summ/Air       0%         N/A       100%        4
 Agony                    Necr           0%         N/A       100%        5
 Borgnjor's Vile Clutch   Necr/Erth      0%         N/A       100%        5
 Irradiate                Conj/Tmut      0%         3d13      100%        5
 Lee's Rapid Deconstruct  Erth           0%         3d5*      100%        5
 Lightning Bolt           Conj/Air       0%         1d11      100%        5
 Manifold Assault         Tloc           0%         N/A       100%        5
 Silence                  Hex/Air        0%         N/A       100%        5
 Yara's Violent Unravell  Hex/Tmut       0%         3d3       100%        5
 Death Channel            Necr           0%         N/A       100%        6
 Dispersal                Tloc           0%         N/A       100%        6
 Eringya's Noxious Bog    Tmut/Pois      0%         N/A       100%        6
 Simulacrum               Ice/Necr       0%         N/A       100%        6
 Statue Form              Tmut/Erth      0%         N/A       100%        6
 Haunt                    Necr/Summ      0%         N/A       100%        7
 Orb of Destruction       Conj           0%         9d5       100%        7
 Ozocubu's Refrigeration  Ice            0%         4d5       100%        7
 Spellforged Servitor     Conj/Summ      0%         N/A       100%        7
 Storm Form               Tmut/Air       0%         N/A       100%        7
 Summon Hydra             Summ           0%         N/A       100%        7
 Discord                  Hex            0%         N/A       100%        8
 Ignition                 Fire           0%         3d3       100%        8
 Infestation              Necr           0%         N/A       100%        8
 Maxwell's Capacitive Co  Air            0%         ∞         100%        8
 Necromutation            Tmut/Necr      0%         N/A       100%        8


Dungeon Overview and Level Annotations

Branches:
Dungeon (15/15)            Temple (0/1) D:7            Lair (6/6) D:9
 Shoals (4/4) Lair:4        Snake (4/4) Lair:3        Slime (1/5) Lair:5
    Orc (2/2) D:11            Elf (0/3) Orc:2        Vaults (4/5) D:14
  Crypt (0/3) Vaults:2     Depths (3/4) D:15        Volcano (visited)

Altars:
Ashenzari
Gozag
Hepliaklqana
Kikubaaqudgha
Nemelex Xobeh
Ru
Yredelemnul
The Shining One
Beogh
Jiyva

Shops:
D:3 =(   D:6 *   D:15 [   Orc:2 =**!   Shoals:1 (   Shoals:2 (   Vaults:1 [
Vaults:3 ?   Vaults:4 =   Depths:1 :

Portals:
Hell: Depths:1 Depths:2
Abyss: Depths:2 Depths:3
Pandemonium: Depths:1 Depths:2
Trove: D:14 (give 6 scrolls of fear)

Annotations:
D:5 1 runed translucent door, Jingleheimer's ghost, novice FoFi
Lair:2 exclusion: hydra
Lair:3 exclusion: hydra
Lair:5 exclusion: downstairs
Shoals:3 exclusion: oklob plant
Vaults:4 3 runed translucent doors, Kipt's ghost, adept SpFE
Depths:1 exclusion: downstairs
Depths:3 1 runed translucent door


Innate Abilities, Weirdness & Mutations

Your life essence is reduced to manifest your ancestor. (-10% HP)
You have a pair of horns on your head.
You reflexively headbutt those who attack you in melee.
You are frail. (-10% HP)
You are weak. (Str -2)
You have hidden genetic potential.


Message History

The titan is moderately wounded.
The walking earthen tome is engulfed in freezing vapours.
The walking earthen tome erupts in a flurry of living spells!
The titan is engulfed in freezing vapours. x2
The titan hits you!!
You impale the titan!! You drain the titan.
The titan is heavily wounded.
The storm dragon is engulfed in freezing vapours.
The flayed ghost is engulfed in freezing vapours.
The flayed ghost stares at you with tortured malice.
Terrible wounds spread across more of your body!
The walking divine tome is engulfed in freezing vapours.
The walking divine tome erupts in a flurry of living spells!
The living spell is engulfed in freezing vapours.
You destroy the living spell!
The tentacled monstrosity is engulfed in freezing vapours.
The titan is engulfed in freezing vapours.
The titan waves its arms in wide circles.
The air twists around and strikes you!!
* * * LOW HITPOINT WARNING * * *
The walking earthen tome is engulfed in freezing vapours.
Appius mumbles some strange words.
The flayed ghost appears confused.
The storm dragon resists with almost no effort.
The titan resists with almost no effort. x2
The tentacled monstrosity easily resists.
The titan is engulfed in freezing vapours.
The titan casts a spell at you. The bolt of lightning hits you!
* * * LOW HITPOINT WARNING * * *
The bolt of lightning hits Appius!!
Blink to where?
Press: ? - help, Dir - move target
As you read the scroll of blinking, it crumbles to dust.
The titan mumbles some strange words.
The titan is healed somewhat.
You feel much better.
The titan gestures at you while chanting.
The bolt of lightning hits you!!!
You die...

#....[..[# ...###...##
###..#..## .
###.[..#..## ...
###.....)#..##
..###...[#...#...#
##......###..#...#
###.........#..#...#
###..@.#..#......#...#
###)...#.##..##....# #
#....#....##..##...#..
#
....#..(#R..##..#......
#
.#....#...#..##...###.
###....#.##....###
..####.C...#..###
#LCW###...(###
#X;.C..###


You could see the friendly Appius the hexer (fast) and a titan (drained, ally
target).

Vanquished Creatures
  Mara (Snake:3)
  A royal mummy (Depths:2)
  Xtahua (Vaults:4)
  Vashnia (Snake:4)
  Nikola (Shoals:3)
  A lich (D:15)
  4 krakens
  4 sphinxes
  2 shadow dragons
  2 tengu reavers
  5 nagarajas (Snake:4)
  3 fire giants
  10 vault wardens
  3 frost giants
  A balrug (Depths:2)
  An orc warlord (Orc:1)
  A caustic shrike zombie (Depths:1)
  7 ironbound preservers
  A spectral caustic shrike (Depths:1)
  A broodmother (shapeshifter) (D:13)
  A caustic shrike skeleton (Depths:2)
  13 very ugly things
  5 ironbound thunderhulks
  7 stone giants
  4 entropy weavers
  A spectral titan (Depths:2)
  2 vampire knights
  A deep elf demonologist (Vaults:2)
  12 dire elephants
  6 merfolk javelineers
  3 ettins
  2 spectral quicksilver dragons (Depths:2)
  2 crystal guardians (Vaults:2)
  5 merfolk impalers
  A spectral golden dragon (Depths:2)
  2 mummy priests (Depths:2)
  5 great orbs of eyes
  2 fire dragons
  4 vault guards
  2 peacekeepers
  Erolcha (D:10)
  6 hydras
  A spectral sphinx (Depths:2)
  7 yaktaur captains
  2 rakshasas
  4 boulder beetles
  2 ice dragons
  A spriggan air mage (Depths:3)
  A salamander tyrant (Snake:4)
  An ogre mage (D:15)
  6 ironbound frosthearts
  16 centaur warriors
  2 juggernaut simulacra (Depths:1)
  4 merfolk avatars
  6 naga warriors
  A catoblepas (Lair:6)
  9 anacondas
  3 satyrs
  A spectral fire giant (Depths:2)
  7 deep troll shamans
  5 two-headed ogres
  2 alligator snapping turtles
  3 death yaks (Lair:6)
  7 merfolk aquamancers
  A vampire mage (Depths:1)
  Urug (D:11)
  6 shock serpents
  A spriggan berserker (Depths:2)
  4 orc high priests
  6 deep troll earth magi
  A spectral storm dragon (Depths:2)
  3 tengu warriors
  8 naga sharpshooters
  13 hell knights
  2 soul eaters (Depths:1)
  A spriggan (Depths:3)
  2 spectral spriggans (Depths:2)
  4 iron trolls
  A golden dragon zombie (Depths:2)
  A spectral spark wasp (Depths:2)
  24 deep trolls
  7 skeletal warriors
  10 sea snakes
  A quicksilver dragon simulacrum (Vaults:4)
  2 glowing orange brains
  7 naga ritualists
  2 flayed ghosts (Depths:1)
  3 tengu zombies
  An obsidian statue (Depths:2)
  4 necromancers
  A harpy (shapeshifter) (D:15)
  11 ironbound convokers
  12 harpies
  2 deep elf pyromancers
  9 wizards
  17 lindwurms
  A sphinx zombie (Vaults:1)
  A deep elf zephyrmancer (D:15)
  An iron dragon zombie (Depths:1)
  7 orc knights
  14 fauns
  11 mana vipers
  39 ugly things
  An orc sorcerer (D:13)
  A stone giant zombie (Vaults:1)
  7 salamanders
  4 cyclopes
  15 manticores
  34 black mambas
  7 guardian serpents (Snake:4)
  2 elephants (Lair:6)
  7 merfolk sirens
  A fire giant skeleton (Depths:2)
  A stone giant skeleton (Depths:1)
  2 gargoyles
  6 naga magi
  13 vault sentinels
  5 water nymphs
  15 cane toads
  7 komodo dragons
  4 rime drakes
  An efreet (D:14)
  A hellwing (Depths:2)
  An ice devil (Depths:2)
  2 spectral glowing shapeshifters (Depths:2)
  40 yaktaurs
  6 guardian mummies (Depths:2)
  A spectral human (Depths:2)
  6 tengu conjurers
  A red devil (Depths:2)
  A spriggan skeleton (Depths:1)
  6 trolls
  2 harpy zombies (Shoals:4)
  9 polar bears (Lair:6)
  26 merfolk
  15 blink frogs
  11 wind drakes
  42 slime creatures
  10 snapping turtles
  6 dream sheep
  2 hornets
  A flying skull (Volcano)
  8 wyverns
  16 water elementals
  24 yaks
  2 shadows
  3 basilisks
  12 vampire mosquitoes
  5 wargs
  An elf skeleton (Vaults:1)
  6 redbacks
  20 nagas
  11 hell hounds
  12 water moccasins
  An acid dragon (D:13)
  An ice beast (D:7)
  A sky beast (D:6)
  10 black bears
  7 ogres
  34 orc warriors
  A manticore zombie (Shoals:4)
  10 wolves (Lair:6)
  12 centaurs
  3 kobold brigands
  6 bullfrogs
  3 scorpions
  A glowing shapeshifter simulacrum (Vaults:4)
  A wyvern skeleton (D:6)
  3 killer bees (D:8)
  12 wights
  4 electric eels
  6 howler monkeys
  4 centaur zombies
  2 human simulacra (Vaults:4)
  25 orc priests
  2 gnoll shamans
  2 hounds
  A bullfrog skeleton (D:4)
  An iguana (D:9)
  11 hexers
  19 orc wizards
  2 killer bee zombies
  14 gnolls
  A howler monkey zombie (D:8)
  5 adders
  2 white imps
  2 ufetubi (D:5)
  A worm (D:3)
  An adder skeleton (D:2)
  2 dart slugs (D:3)
  70 orcs
  8 endoplasms
  A giant cockroach (D:1)
  16 goblins
  9 hobgoblins
  4 quokkas
  5 ball pythons
  7 bats
  2 frilled lizards
  22 kobolds
  3 rats
  11 tentacles
1284 creatures vanquished.

Vanquished Creatures (collateral kills)
  A lich (Depths:3)
  2 shadow dragons (Depths:1)
  A nagaraja (Snake:4)
  A fire giant (Depths:1)
  Aizul (Vaults:1)
  A vault warden (Vaults:4)
  A spectral caustic shrike (Depths:1)
  A juggernaut skeleton (Depths:1)
  5 very ugly things
  An ironbound preserver (Vaults:2)
  2 vampire knights
  A spectral titan (Depths:2)
  3 dire elephants (Vaults:1)
  2 merfolk javelineers
  2 fire dragons
  A mummy priest (Depths:2)
  A great orb of eyes (Vaults:2)
  A yaktaur captain (Vaults:1)
  A hydra (Lair:5)
  A naga warrior (Snake:4)
  A salamander tyrant (Snake:4)
  An ogre mage (D:14)
  A vault guard (D:14)
  A merfolk avatar (Shoals:2)
  2 ironbound frosthearts
  An alligator snapping turtle (Shoals:4)
  A centaur warrior (D:13)
  A tengu warrior (Depths:2)
  A naga sharpshooter (Snake:1)
  A deep troll earth mage (Depths:1)
  3 shock serpents
  2 hell knights (Depths:2)
  2 orc high priests (Orc:2)
  A salamander mystic (Snake:3)
  A flayed ghost (Depths:1)
  A deep elf archer (D:14)
  A wizard (Vaults:4)
  3 sea snakes
  A naga ritualist (Snake:4)
  2 deep trolls (Depths:1)
  A lindwurm (Vaults:2)
  3 necromancers
  An orc knight (Orc:2)
  2 harpies
  An ironbound convoker (Vaults:2)
  2 ugly things
  7 black mambas
  A cyclops (D:15)
  2 naga magi (Snake:4)
  2 merfolk sirens
  2 guardian serpents
  2 vault sentinels
  A gargoyle (D:14)
  A cane toad (Lair:1)
  A torpor snail (Lair:6)
  5 yaktaurs
  A komodo dragon (Lair:1)
  A guardian mummy (Depths:2)
  A spectral human (Depths:2)
  3 merfolk
  A wind drake (Shoals:4)
  3 hornets
  A polar bear (Lair:6)
  A shadow dragon simulacrum (Depths:1)
  2 snapping turtles
  9 slime creatures
  3 blink frogs
  2 culicivoras (Vaults:2)
  A basilisk (Lair:4)
  5 yaks
  A vampire mosquito (D:11)
  A chaos spawn (Depths:2)
  A steam dragon (D:7)
  3 nagas
  3 water moccasins
  6 wargs
  4 hell hounds (Lair:6)
  3 orc warriors
  2 black bears (Lair:6)
  2 ice beasts
  A sky beast (D:8)
  A manticore zombie (Shoals:4)
  A necrophage (D:4)
  3 ogres
  3 wolves (Lair:6)
  A phantom (D:4)
  A kobold brigand (D:9)
  2 bullfrogs
  2 killer bees (D:8)
  An electric eel (D:15)
  A howler monkey (D:10)
  4 orc priests
  A hound (D:6)
  3 orc wizards
  4 gnolls
  2 white imps
  7 orcs
  2 bats
  An endoplasm (D:2)
  A goblin (D:3)
  A hobgoblin (D:1)
  4 kobolds
  A frilled lizard (D:2)
  A rat (D:1)
201 creatures vanquished.

Vanquished Creatures (others)
  A satyr (Shoals:3)
  A lindwurm (Lair:6)
  3 fauns (Shoals:3)
  A naga (Snake:3)
  A kobold brigand (D:9)
  A howler monkey (D:11)
  79 hexers
  20 fungi
  163 plants
  36 tentacles
306 creatures vanquished.

Grand Total: 1791 creatures vanquished

Notes
Turn   | Place    | Note
-------+----------+-------------------------------------------
     0 | D:1      | jjjjhere the Minotaur Brigand began the quest for the Orb.
     0 | D:1      | Reached XP level 1. HP: 18/18 MP: 0/0
   133 | D:1      | Reached XP level 2. HP: 25/26 MP: 1/1
   218 | D:1      | Found a faded altar of an unknown god.
   240 | D:1      | Prayed at the altar of an unknown god.
   240 | D:1      | Became a worshipper of Hepliaklqana the Forgotten
   240 | D:1      | Reached * piety under Hepliaklqana
   827 | D:1      | Reached XP level 3. HP: 28/30 MP: 2/2
  1484 | D:2      | Reached skill level 1 in Axes
  1883 | D:2      | Reached XP level 4. HP: 29/36 MP: 3/3
  2173 | D:2      | Reached ** piety under Hepliaklqana
  2174 | D:2      | Remembered your ancestor Appius as a hexer
  2363 | D:3      | Found Oriaw's Antique Weapon Boutique.
  2389 | D:3      | Found Corun's Jewellery Shoppe.
  3044 | D:3      | Reached XP level 5. HP: 35/42 MP: 4/4
  3397 | D:4      | Noticed an ogre
  3400 | D:4      | Killed an ogre
  3401 | D:4      | Reached skill level 5 in Axes
  3575 | D:4      | Reached XP level 6. HP: 47/47 MP: 2/5
  4060 | D:4      | Reached XP level 7. HP: 52/54 MP: 6/6
  4170 | D:4      | Reached *** piety under Hepliaklqana
  4512 | D:5      | Entered Level 5 of the Dungeon
  4699 | D:5      | Reached skill level 10 in Axes
  4851 | D:5      | Found a runed translucent door.
  4860 | D:5      | Noticed Jingleheimer's ghost (novice FoFi)
  4890 | D:5      | Reached XP level 8. HP: 60/60 MP: 7/7
  5251 | D:6      | Found Fuma's Gadget Gallery.
  5876 | D:6      | Reached **** piety under Hepliaklqana
  6290 | D:7      | Reached XP level 9. HP: 52/64 MP: 8/8
  6427 | D:7      | Found a staircase to the Ecumenical Temple.
  6710 | D:7      | Reached skill level 1 in Invocations
  7964 | D:8      | Reached skill level 5 in Invocations
  7969 | D:8      | Found an opulent altar of Gozag.
  7969 | D:8      | Found a sparkling altar of Nemelex Xobeh.
  8721 | D:9      | Reached XP level 10. HP: 62/72 MP: 9/14
  8788 | D:9      | Found a staircase to the Lair.
  8876 | D:9      | Reached skill level 1 in Armour
  8919 | D:9      | Reached skill level 5 in Fighting
  9341 | D:9      | Noticed a cyan ugly thing
  9342 | D:9      | Noticed a two-headed ogre
  9344 | D:9      | Noticed a brown ugly thing
  9349 | D:9      | Killed a two-headed ogre
  9357 | D:9      | Killed a brown ugly thing
  9362 | D:9      | Noticed a centaur warrior
  9366 | D:9      | Reached skill level 5 in Armour
  9750 | D:9      | Found a sacrificial altar of Ru.
  9753 | D:9      | Found a glowing golden altar of the Shining One.
  9944 | Lair:1   | Entered Level 1 of the Lair of Beasts
 10177 | Lair:1   | Noticed a cane toad
 10180 | Lair:1   | Noticed a cane toad
 10183 | Lair:1   | Noticed a cane toad
 10184 | Lair:1   | Noticed a cane toad
 10185 | Lair:1   | HP: 8/77 [komodo dragon (24)]
 10745 | Lair:1   | Noticed a black mamba
 10753 | Lair:1   | Killed a black mamba
 10877 | Lair:1   | Reached XP level 11. HP: 76/82 MP: 11/16
 10975 | Lair:1   | HP: 23/82 [komodo dragon (24)]
 11280 | Lair:1   | HP: 26/82 [poisoned by a cane toad]
 11284 | Lair:1   | HP: 11/82 [poisoned by a cane toad]
 11289 | Lair:1   | HP: 5/82 [poisoned by a cane toad]
 11292 | Lair:1   | HP: 2/82 [poisoned by a cane toad]
 11657 | Lair:1   | Got the Compendium of Feathers and the Oath
 12096 | Lair:2   | Noticed a six-headed hydra
 12339 | Lair:2   | Reached skill level 15 in Axes
 12359 | Lair:2   | Reached ***** piety under Hepliaklqana
 12513 | Lair:2   | Noticed a boulder beetle
 12552 | Lair:2   | Killed a boulder beetle
 13220 | Lair:3   | Found a staircase to the Snake Pit.
 13856 | Lair:3   | Found a dark tunnel.
 13862 | Volcano  | Entered a volcano
 13898 | Volcano  | HP: 9/82 [something (30)]
 14713 | Lair:3   | Noticed an eight-headed hydra
 15362 | Lair:4   | Noticed a six-headed hydra
 15507 | Lair:4   | Identified the +1 leather armour "Comat" {Str+3}
 15608 | Lair:4   | HP: 26/82 [blink frog (10)]
 15889 | Lair:4   | Killed a six-headed hydra
 16175 | Lair:4   | Found a staircase to the Shoals.
 16225 | Lair:4   | Reached skill level 1 in Evocations
 16225 | Lair:4   | Reached XP level 12. HP: 57/90 MP: 14/17
 16813 | Lair:5   | Found a viscous altar of Jiyva.
 16816 | Lair:5   | Found a staircase to the Slime Pits.
 17285 | Lair:5   | Noticed a four-headed hydra
 17295 | Lair:5   | Killed a four-headed hydra
 17960 | Lair:6   | Entered Level 6 of the Lair of Beasts
 18010 | Lair:6   | Reached ****** piety under Hepliaklqana
 18016 | Lair:6   | Reached skill level 5 in Evocations
 18068 | Lair:6   | Noticed a death yak
 18359 | Lair:6   | Reached skill level 10 in Armour
 18484 | Lair:6   | Noticed a seven-headed hydra
 18523 | Slime:1  | Entered Level 1 of the Pits of Slime
 18557 | Lair:6   | Noticed a six-headed hydra
 18726 | Lair:6   | Killed a six-headed hydra
 18947 | Lair:6   | Killed a seven-headed hydra
 18948 | Lair:6   | Reached XP level 13. HP: 85/99 MP: 14/18
 19022 | Lair:6   | Identified the +1 scale mail of Hairy New Discoveries
                  | {*Slow rC+ Str+7 Stlth+}
 19162 | Lair:6   | Reached skill level 10 in Fighting
 19803 | Lair:5   | HP: 26/101 [hell hound/blast of flame (16)]
 21371 | Lair:6   | HP: 29/106 [boulder beetle (10)]
 22385 | Lair:6   | Got Sif Muna's Volume of Warped Poisoning
 22554 | D:10     | Entered Level 10 of the Dungeon
 23210 | D:10     | Reached XP level 14. HP: 108/116 MP: 16/19
 24270 | D:11     | Noticed Urug
 24284 | D:11     | Killed Urug
 24614 | D:11     | Found a staircase to the Orcish Mines.
 24642 | D:11     | Noticed Erolcha
 24654 | D:10     | Killed Erolcha
 25174 | Orc:1    | Entered Level 1 of the Orcish Mines
 25698 | Orc:1    | Reached skill level 5 in Dodging
 25900 | Orc:1    | Noticed an orc warlord
 27901 | D:13     | Reached skill level 15 in Fighting
 28002 | D:13     | Noticed a broodmother
 28013 | D:13     | Killed a broodmother
 29892 | D:14     | Found a portal to a secret trove of treasure.
 30324 | D:14     | Got the Tome of the Oath
 31004 | D:14     | Reached skill level 15 in Armour
 31105 | D:14     | Found a gate to the Vaults.
 31120 | D:14     | Reached XP level 15. HP: 112/128 MP: 4/20
 31566 | Orc:1    | HP: 41/129 [orc warlord/+3 vorpal halberd (9)]
 31860 | Orc:1    | Killed an orc warlord
 32152 | Orc:2    | Entered Level 2 of the Orcish Mines
 32213 | Orc:1    | HP: 34/129 [orc warrior/+2 vorpal long sword (10)]
 32689 | Orc:2    | Found a staircase to the Elven Halls.
 33844 | Orc:2    | Found Qimmon's Distillery.
 33854 | Orc:2    | Found Lami's Assorted Antiques.
 33918 | Orc:2    | Found Ybla's Jewellery Boutique.
 33919 | Orc:2    | Found Faoxzo's General Store.
 33936 | Orc:2    | Bought a potion of heal wounds for 55 gold pieces
 33936 | Orc:2    | Bought a potion of heal wounds for 55 gold pieces
 34338 | D:15     | Entered Level 15 of the Dungeon
 35772 | D:15     | Found a staircase to the Depths.
 35863 | D:15     | Found Ytie's Antique Armour Shoppe.
 35871 | D:15     | Bought an ichor-stained scale mail for 225 gold pieces
 35871 | D:15     | Identified the +0 scale mail of the Furrier {rPois Dex+3}
                  | (You bought it in a shop on level 15 of the Dungeon)
 36587 | Snake:1  | Entered Level 1 of the Snake Pit
 36587 | Snake:1  | You fall into a shaft and drop 1 floor!
 36695 | Snake:1  | HP: 43/133 [anaconda (9)]
 36700 | Snake:1  | HP: 42/199 [anaconda (13)]
 37350 | Snake:1  | HP: 41/134 [mana viper (4)]
 38006 | Snake:1  | Reached skill level 1 in Shields
 39994 | Snake:2  | Reached skill level 5 in Shields
 40541 | Snake:2  | Reached XP level 16. HP: 126/141 MP: 12/21
 42786 | Snake:3  | Reached skill level 10 in Shields
 43126 | Snake:3  | Noticed Mara
 43141 | Snake:3  | Noticed jjjjhere's illusion
 43423 | Snake:3  | Noticed jjjjhere's illusion
 43617 | Snake:3  | Killed Mara
 44035 | Snake:4  | Entered Level 4 of the Snake Pit
 44077 | Snake:4  | Reached skill level 1 in Polearms
 45606 | Snake:4  | Reached skill level 5 in Polearms
 46796 | Snake:4  | Noticed Vashnia
 47180 | Snake:4  | Reached XP level 17. HP: 128/146 MP: 17/22
 47734 | Snake:4  | Killed Vashnia
 47817 | Snake:4  | Got a serpentine rune of Zot
 48197 | Orc:2    | Bought a ring of willpower for 350 gold pieces
 48487 | Shoals:1 | Entered Level 1 of the Shoals
 49225 | Shoals:1 | Found Kavuor's Firing Range.
 49496 | Shoals:1 | Bought a manual of Throwing for 880 gold pieces
 50349 | Shoals:2 | Reached skill level 15 in Shields
 50380 | Shoals:2 | Found a runed translucent door.
 51465 | Shoals:2 | Reached skill level 5 in Throwing
 52140 | Shoals:3 | Found a sacrificial altar of Ru.
 52514 | Shoals:3 | Identified the +2 robe of the Camelopard {Str+4}
 52541 | Shoals:2 | HP: 47/146 [poisoned by a merfolk impaler]
 52546 | Shoals:2 | HP: 40/146 [poisoned by a merfolk impaler]
 53115 | Shoals:3 | Identified the +0 pair of gloves of Fortification {rF-
                  | rCorr Stlth+}
 53158 | Shoals:3 | Noticed a kraken
 53240 | Shoals:3 | Noticed Nikola
 54017 | Shoals:4 | Entered Level 4 of the Shoals
 54159 | Shoals:4 | Noticed a kraken
 54174 | Shoals:4 | Killed a kraken
 54404 | Shoals:4 | Noticed a kraken
 54435 | Shoals:4 | Killed a kraken
 54874 | Shoals:4 | Reached XP level 18. HP: 137/154 MP: 23/23
 55328 | Shoals:4 | Got the Volume of Transmigration
 55378 | Shoals:4 | HP: 48/147 [merfolk javelineer/silver javelin (2)]
 56552 | Shoals:4 | HP: 49/154 [merfolk javelineer/silver javelin (19)]
 56557 | Shoals:4 | HP: 29/154 [merfolk javelineer/silver javelin (3)]
 56634 | Shoals:4 | Reached skill level 10 in Throwing
 56946 | Shoals:3 | Killed Nikola
 57517 | Shoals:4 | Got a barnacled rune of Zot
 57910 | Vaults:1 | Entered Level 1 of the Vaults
 57910 | Vaults:1 | Found Syqaqoty's Antique Armour Shop.
 58814 | Vaults:1 | HP: 47/154 [ironbound frostheart (18)]
 58815 | Vaults:1 | Reached skill level 10 in Evocations
 58816 | Vaults:1 | HP: 8/154 [ironbound frostheart (27)]
 59476 | Orc:2    | Bought a potion of heal wounds for 70 gold pieces
 60128 | Vaults:1 | HP: 47/154 [lindwurm/blast of flame (7)]
 60596 | Vaults:1 | Reached skill level 1 in Maces & Flails
 61022 | Vaults:1 | Noticed Aizul
 61031 | Vaults:1 | Killed Aizul
 61166 | Vaults:1 | Reached XP level 19. HP: 156/161 MP: 24/24
 63797 | Vaults:2 | Found a staircase to the Crypt.
 63797 | Vaults:2 | Found a basalt altar of Yredelemnul.
 63798 | Vaults:2 | Found an ancient bone altar of Kikubaaqudgha.
 64160 | Vaults:3 | Found Tofi's Magic Scroll Shoppe.
 64243 | Vaults:3 | You fall into a shaft and drop 1 floor!
 64277 | Vaults:4 | Found Ippoigo's Jewellery Emporium.
 66501 | Vaults:4 | Noticed Xtahua
 66513 | Vaults:4 | Killed Xtahua
 66514 | Vaults:4 | Reached XP level 20. HP: 129/173 MP: 21/25
 67188 | Vaults:4 | Found a runed translucent gate.
 67188 | Vaults:4 | Found a runed translucent gate.
 67188 | Vaults:4 | Found a runed translucent gate.
 67188 | Vaults:4 | Noticed Kipt's ghost (adept SpFE)
 67908 | Depths:1 | Entered Level 1 of the Depths
 67991 | D:15     | HP: 43/173 [iron troll (18)]
 68939 | Depths:1 | Found a gateway to Hell.
 69681 | Depths:1 | Found a one-way gate leading to the halls of Pandemonium.
 69829 | Depths:1 | Paralysed by a vampire knight for 3 turns
 69980 | Depths:1 | Found Mity's One-of-a-Kind Books.
 70093 | Depths:1 | Paralysed by a sphinx for 2 turns
 70177 | Depths:1 | HP: 31/169 [lich/bolt of cold (30)]
 70900 | Depths:1 | HP: 31/127 [shadow dragon/bolt of negative energy (37)]
 71238 | Depths:1 | Paralysed by a vampire knight for 6 turns
 71515 | Depths:1 | Paralysed by a vampire knight for 2 turns
 71530 | Depths:1 | Paralysed by a vampire knight for 4 turns
 71535 | Depths:1 | Paralysed by a vampire knight for 5 turns
 71538 | Depths:1 | HP: 44/135 [something (3)]
 71539 | Depths:1 | HP: 13/135 [vampire knight/+0 great mace (10)]
 72294 | Depths:1 | Got Cigotuvi's Incunabulum of Black Rituals
 74264 | Depths:1 | HP: 55/169 [cyan very ugly thing (21)]
 74591 | Depths:2 | Reached XP level 21. HP: 144/177 MP: 26/26
 75176 | Depths:2 | Found a one-way gate to the infinite horrors of the Abyss.
 75812 | Depths:2 | Gained mutation: You are weak. (Str -2) [mutagenic glow]
 75832 | Depths:2 | Gained mutation: You are frail. (-10% HP) [mutagenic glow]
 75847 | Depths:2 | Gained mutation: You have hidden genetic potential.
                  | [mutagenic glow]
 76396 | Depths:2 | HP: 49/164 [??? (37)]
 76401 | Depths:2 | HP: 44/164 [sixfirhy[a mummy priest] (7)]
 76901 | Depths:2 | Identified the +10 hand crossbow of Sin {flame, rElec rPois
                  | rF- rN+}
 77170 | Depths:2 | Noticed a royal mummy
 77319 | Depths:2 | HP: 43/158 [torment (33)]
 77732 | Depths:2 | HP: 50/160 [??? (39)]
 77738 | Depths:2 | HP: 46/160 [spectral spriggan defender (6)]
 78235 | Depths:2 | Killed a royal mummy
 78236 | Depths:2 | HP: 48/164 [poisoned by an emperor scorpion]
 78241 | Depths:2 | HP: 31/164 [poisoned by an emperor scorpion]
 78844 | Depths:3 | Found a broken altar of Ashenzari.
 79121 | Depths:3 | Found a runed translucent gate.
 79155 | Depths:3 | Reached skill level 10 in Dodging
 79779 | Depths:3 | Paralysed by a floating eye for 4 turns
 79786 | Depths:3 | HP: 51/164 [flayed ghost/flay_damage (15)]
 79786 | Depths:3 | HP: 14/164 [titan/bolt of lightning (13)]
 79791 | Depths:3 | Killed from afar by a titan

Illustrated notes

Levels and vault maps discovered:
D:1:      shiori_arrival_elements, layout_basic,
          chequers_ecumenical_altar_simple
D:2:      mumra_celtic_spiral_tile, layout_basic, st_stairs_1,
          grunt_ministairs_1
D:3:      kennysheep_the_goblin_king, layout_loops_cross, serial_shops, shop,
          shop, glass_columns_a, nrook_loot_triangle, kennysheep_minor_cross
D:4:      layout_layer_cave, minmay_misc_feat_chi, grunt_ministairs_8,
          kennysheep_generic_room_5
D:5:      layout_basic, hellmonk_ghost_happy_afterlife
D:6:      layout_gridville, nicolae_shop_gadgets
D:7:      layout_basic, temple_pool_b, enter_bailey_7, kennysheep_generic_room_4
D:8:      layout_basic, grunt_temple_overflow_opulence, serial_aquarium,
          aquarium_bridge_long_separate [aquarium_subvault_wall,
          aquarium_subvault_bridge, aquarium_subvault_wall,
          aquarium_subvault_bridge, aquarium_subvault_wall,
          aquarium_subvault_window], aquarium_bridge_island_small
          [aquarium_subvault_small_water, aquarium_subvault_wall,
          aquarium_subvault_bridge, aquarium_subvault_balcony,
          aquarium_subvault_window], aquarium_window_corner,
          aquarium_window_fake, aquarium_window_1, aquarium_view_2e,
          aquarium_balcony_1b
D:9:      minmay_chambers_of_sixes, layout_gridville, nicolae_overflow_squiral,
          minmay_lair_entry_grove
D:10:     layout_stronghold, minmay_shattered_shrine
D:11:     layout_cave_pools, orc_0_dummy, portal_ice_cave_entry_pillars_1,
          uniq_urug, uniq_erolcha
D:12:     layout_cave_pods, serial_glass, glass_columns_a, glass_columns_c,
          kennysheep_generic_room_8
D:13:     layout_basic, abandoned_shop
D:14:     layout_loops_ring, grunt_vaults_entry_fortified,
          minmay_misc_feat_square, nicolae_trove_entry_columns
D:15:     grunt_enter_depths_giant_problem, layout_basic, serial_park_fountain,
          serial_shops, nicolae_shop_overgrown_old_shop
Lair:1:   layout_roguey
Lair:2:   layout_regular_city, nicolae_lair_lil_pond,
          nicolae_lair_grove_arrangements
Lair:3:   layout_gridlike, guppyfry_snake_entry_garden,
          nicolae_volcano_entry_hallway, gauntlet_entry_generic, serial_forest,
          infiniplex_forest_straight_2, infiniplex_forest_clump_tiny,
          infiniplex_forest_clump_curved, infiniplex_forest_split,
          infiniplex_forest_corner_2, infiniplex_forest_clump_small,
          infiniplex_forest_straight_4, infiniplex_forest_lined_room_2,
          infiniplex_forest_straight_2
Lair:4:   layout_regular_city, elwin_shoals_entry_rooms, grunt_megastairs_1,
          serial_bayou_shore_a
Lair:5:   layout_small_grid, slime_altar_1
Lair:6:   hangedman_lair_caniforms_friends, layout_hall_layers,
          hangedman_lair_in_review, minmay_lindwurm_lava
Shoals:1: layout_shoals, nicolae_shop_firing_range
Shoals:2: layout_shoals, nicolae_shoals_circle_sea_wall, lightli_airlock
Shoals:3: layout_shoals, lemuel_oklob_altar, uniq_nikola
Shoals:4: shoals_end_hangedman, layout_shoals, nicolae_shoals_undead_eyrie
Snake:1:  layout_misc_corridors
Snake:2:  layout_chambers
Snake:3:  layout_honeycomb, uniq_mara
Snake:4:  grunt_snake_rune_serpentine_throne, layout_onion, grunt_megastairs_5,
          uniq_vashnia
Slime:1:  layout_caves
Orc:1:    layout_diamond_mine, basic_altar, david_defended_altar_orc
Orc:2:    st_orc_pillars, layout_diamond_mine
Vaults:1: hangedman_vaults_unwind, v_pattern_1, grunt_vaults_bifocal,
          nicolae_vaults_big_ls, hangedman_vaults_nails, grunt_vaults_twisty,
          hangedman_vaults_cutoff, st_cross, hangedman_vaults_impose,
          vaults_mumra_lcd, v_misc_16, layout_vaults_ring, serial_shops,
          nicolae_shop_crystal, uniq_aizul
Vaults:2: minmay_crypt_entry_necro_gods, v_alt_pattern_6,
          hangedman_vaults_slither, vaults_dpeg_diagonal, v_rooms_4,
          hangedman_vaults_hat, v_misc_33, vaults_room_pools,
          layout_vaults_omnigrid
Vaults:3: nicolae_vaults_ring_of_whatevers, vaults_dpeg_spiral, v_misc_16,
          st_more_cells, nicolae_vaults_what_the_h, v_misc_11,
          nicolae_vaults_twisting_passages, v_misc_8, grunt_vaults_focal,
          nicolae_vaults_little_ls, v_misc_13, v_misc_13, layout_vaults_maze,
          serial_shops, shop
Vaults:4: gammafunk_ghost_split, vaults_mumra_minichess_inversion, v_misc_13,
          hangedman_vaults_restitches, v_misc_30, ontoclasm_vaults_eye,
          ontoclasm_vaults_ligature, ontoclasm_vaults_misaligned,
          nicolae_vaults_theta, v_misc_27, layout_vaults_big_room, serial_shops,
          shop_fountains, uniq_xtahua
Depths:1: layout_gridville, special_room [special_room_morgue],
          pf_hell_entry_tar_river, pan_entry, hangedman_abyss_or_decor_passed,
          nicolae_rare_books, hangedman_decor_peaks_small, lemuel_flame_loot_1
Depths:2: lemuel_minitomb, layout_cave_shapes, rand_demon_pan_entry_7,
          small_statue_intersection, mu_enter_wizlab_4, hangedman_coc_ice_floe,
          abyss_entry
Depths:3: minmay_the_grid_triangle_9x9_rhombus_thin_mashed
          [minmay_the_grid_triangle_9x9_negative_grid,
          minmay_the_grid_triangle_9x9_prize_center,
          minmay_the_grid_triangle_9x9_pentomino_pain,
          minmay_the_grid_triangle_9x9_semitri], layout_gridlike,
          enter_ziggurat_b, cheibrodos_ashenzari_chains, hell_entry,
          gammafunk_ghost_tricky_traps, abyss_entry_glasseish,
          rand_demon_pan_entry_8

Skill      XL: |  1  2  3  4  5  6  7  8  9 10 11 12 13 14 15 16 17 18 19 20 21 |
---------------+----------------------------------------------------------------+-----
Fighting       | 3 4 7 9 13 15 18 19 21 | 21.6
Axes           | 2 4 5 7 10 13 14 17 18 | 18.0
Invocations    | 7 9 |  9.0
Armour         | 6 8 10 14 15 17 18 | 18.7
Evocations     | 1 5 8 10 12 13 | 13.4
Dodging        | 2 7 8 10 | 10.1
Shields        | 5 13 16 18 19 21 | 21.7
Polearms       | 7 |  7.8
Throwing       | 8 12 | 12.5
Maces & Flails | 2 |  2.0
Short Blades   | |  2.1
Stealth        | |  3.2

Action                   |  1- 3 |  4- 6 |  7- 9 | 10-12 | 13-15 | 16-18 | 19-21 || total
-------------------------+-------+-------+-------+-------+-------+-------+-------++-------
Melee: Dagger            |    62 |       |       |       |       |       |       ||    62
       Headbutt          |    15 |    15 |    78 |    82 |   231 |   256 |   379 ||  1056
       Short sword       |    28 |   105 |       |    20 |     4 |       |       ||   157
       Punch             |       |     2 |     5 |     7 |       |       |       ||    14
       Whip              |       |    20 |   351 |    79 |       |       |       ||   450
       War axe           |       |       |       |   141 |       |       |       ||   141
       Flail             |       |       |       |     3 |       |       |       ||     3
       Battleaxe         |       |       |       |   155 |   974 |       |       ||  1129
       Trident           |       |       |       |       |    91 |   222 |       ||   313
       Demon trident     |       |       |       |       |       |  1198 |  1479 ||  2677
       Eveningstar       |       |       |       |       |       |    21 |       ||    21
Throw: Javelin           |       |       |     5 |     1 |     3 |     1 |     9 ||    19
       Throwing net      |       |       |       |       |       |       |     1 ||     1
Invok: Ancestor Life: He |       |     1 |       |       |       |       |       ||     1
       Recall Ancestor   |       |     2 |     1 |     4 |     9 |     7 |    14 ||    37
       Transference      |       |       |     1 |       |     5 |     1 |       ||     7
       Idealise          |       |       |       |     2 |     7 |     6 |     2 ||    17
Evoke: Wand              |       |       |       |     9 |    11 |     5 |       ||    25
       Phial of floods   |       |       |       |       |     3 |       |     1 ||     4
       Condenser vane    |       |       |       |       |       |     4 |     8 ||    12
       Box of beasts     |       |       |       |       |       |       |     1 ||     1
  Use: Scroll            |       |       |    12 |    11 |     5 |    18 |     9 ||    55
       Potion            |       |       |       |     1 |     2 |     6 |     1 ||    10
 Stab: Sleeping          |     3 |       |       |     3 |     3 |       |       ||     9
       Confused          |       |       |     5 |     8 |     8 |    15 |    31 ||    67
       Distracted        |       |       |     1 |     5 |    20 |    21 |    27 ||    74
       Petrified         |       |       |       |       |     1 |       |       ||     1
       Paralysed         |       |       |       |       |    29 |    84 |    61 ||   174
       Held in net/web   |       |       |       |       |       |       |     1 ||     1
Armor: Robe              |     8 |       |       |       |       |       |       ||     8
       Scale mail        |    41 |    64 |   114 |       |       |       |       ||   219
       Ring mail         |       |       |     4 |   121 |   440 |       |       ||   565
       Plate armour      |       |       |       |       |    34 |   356 |   292 ||   682
Dodge: Dodged            |    42 |    45 |   117 |   144 |   512 |   206 |   190 ||  1256
Block: Other             |       |       |    18 |    66 |   214 |       |       ||   298
       Reflection        |       |       |     2 |     1 |    17 |   184 |    60 ||   264
       Buckler           |       |       |       |       |    23 |    57 |       ||    80
       Tower shield      |       |       |       |       |       |  1007 |  1020 ||  2027
